 Dungeon Crawl Stone Soup version 0.20.1-1-g8b1a95d (webtiles) character file.

79816 raph the Slicer (level 16, -1/111 HPs)
             Began as a Halfling Berserker on Sept 30, 2017.
             Was a High Priest of Trog.
             Killed from afar by a tengu conjurer (13 damage)
             ... with a bolt of lightning
             ... on level 13 of the Dungeon.
             The game lasted 01:25:41 (27509 turns).

raph the Slicer (Halfling Berserker)               Turns: 27509, Time: 01:25:43

Health: -1/111     AC: 25    Str: 16    XL:     16   Next: 12%
Magic:  21/21      EV: 22    Int: 13    God:    Trog [*****.]
Gold:   1411       SH:  0    Dex: 24    Spells: 15/15 levels left

rFire    + . .     SeeInvis .   a - +9 quick blade
rCold    + + +     Gourm    .   (shield restricted)
rNeg     . . .     Faith    +   E - +2 ice dragon scales
rPois    .         Spirit   .   v - +1 helmet
rElec    .         Reflect  .   Q - scarf {rC+ rF+}
rCorr    .         Harm     .   j - +2 pair of gloves
MR       +++..                  P - +2 pair of boots of Rotation {Regen+ Str-2 Int+8 Stlth-}
Stlth    +++.......             K - amulet of faith
Regen    1.7/turn               i - ring of protection from fire
MPRegen  0.2/turn               F - +3 ring of dexterity

@: regenerating
A: mutation resistance 1
a: Berserk, Trog's Hand, Brothers in Arms, Burn Spellbooks, Renounce Religion


You were on level 13 of the Dungeon.
You worshipped Trog.
Trog was extremely pleased with you.
You were hungry.

You visited 3 branches of the dungeon, and saw 21 of its levels.
You also visited: Ossuary and Volcano.

You collected 2428 gold pieces.
You spent 1017 gold pieces at shops.

Inventory:

Hand Weapons
 a - a +9 quick blade (weapon)
 b - the +5 hunting sling "Poabashu" {flame, *Corrode rPois rN+++}
   (Trog gifted it to you on level 6 of the Lair of Beasts)

   It causes projectiles fired from it to burn those they strike, causing extra
   injury to most foes and up to half again as much damage against particularly
   susceptible opponents.
   It protects you from poison.
   It renders you almost immune to negative energy.
   It may corrode you when you take damage.
 A - a +5 short sword of venom
Missiles
 t - 610 stones (quivered)
 S - 208 sling bullets
Armour
 j - a +2 pair of gloves (worn)
 v - a +1 helmet (worn)
 E - +2 ice dragon scales (worn)
 P - the +2 pair of boots of Rotation (worn) {Regen+ Str-2 Int+8 Stlth-}
   (You bought it in a shop on level 2 of the Orcish Mines)

   It affects your strength (-2).
   It affects your intelligence (+8).
   It increases your rate of regeneration.
   It makes you less stealthy.
 Q - a scarf of resistance (worn)
 V - a scarf of spirit shield
Jewellery
 i - a ring of protection from fire (left hand)
 m - an uncursed ring of see invisible
 F - a +3 ring of dexterity (right hand)
 K - an amulet of faith (around neck)
Wands
 o - a wand of lightning (6/15)
 y - a wand of random effects (20/48)
 C - a wand of digging (9/24)
 G - a wand of digging (18/24)
 I - a wand of scattershot (0/9)
 O - a wand of disintegration (14/24)
 R - a wand of acid (4/15)
 U - a wand of lightning (9/15)
 W - a wand of clouds (5/9)
Scrolls
 e - 2 scrolls of fear
 g - 8 scrolls of teleportation
 l - a scroll of magic mapping
 u - 3 scrolls of remove curse
 z - a scroll of holy word
 B - 2 scrolls of fog
 L - 2 scrolls of identify
Potions
 d - 5 potions of haste
 f - 2 potions of ambrosia
 k - 3 potions of agility
 n - 5 potions of cancellation
 p - 10 potions of curing
 q - a potion of heal wounds
 r - 3 potions of flight
 s - 5 potions of invisibility
 D - a potion of resistance
 N - 3 potions of berserk rage
 T - a potion of magic
Books
 w - a book of Minor Magic

   Spells                             Type                      Level
   a - Magic Dart                     Conjuration                  1
   b - Blink                          Translocation                2
   c - Call Imp                       Summoning                    2
   d - Slow                           Hexes                        2
   e - Conjure Flame                  Conjuration/Fire             3
   f - Mephitic Cloud                 Conjuration/Poison/Air       3
   Trog disapproves of the use of such an item.
 X - a book of Death

   Spells                             Type                      Level
   a - Corpse Rot                     Necromancy                   2
   b - Sublimation of Blood           Necromancy                   2
   c - Agony                          Necromancy                   5
   d - Dispel Undead                  Necromancy                   5
   e - Excruciating Wounds            Charms/Necromancy            5
   f - Bolt of Draining               Conjuration/Necromancy       5
   Trog disapproves of the use of such an item.
Miscellaneous
 x - a phial of floods
 Y - a phantom mirror
Comestibles
 c - 18 bread rations
 h - 7 chunks of flesh
 H - 2 fruits
 J - a royal jelly
 Z - 2 meat rations


   Skills:
 + Level 10.6 Fighting
 + Level 14.7 Short Blades
 + Level 14.5 Slings
 + Level 11.8 Armour
 + Level 12.0 Dodging
 + Level 11.6 Stealth
 + Level 6.7 Evocations


You had 15 spell levels left.
You didn't know any spells.

Dungeon Overview and Level Annotations

Branches:
Dungeon (13/15)            Temple (0/1) D:5            Lair (6/6) D:11
  Swamp (0/4) Lair:3       Spider (0/4) Lair:2        Slime (0/5) Lair:5
    Orc (2/2) D:9             Elf (0/3) Orc:2
 Vaults: D:13-14

Altars:
Cheibriados
Dithmenos
Hepliaklqana
Makhleb
Nemelex Xobeh
Okawaru
Qazlal
Jiyva

Shops:
D:6 =   D:7 [   D:11 %   Orc:1 }   Orc:2 **}%[

Portals:
Pandemonium: Orc:2

Annotations:
Lair:5 1 runed door


Innate Abilities, Weirdness & Mutations

You are small and have problems with some larger weapons.
You are somewhat resistant to further mutation.


Message History

Your two-headed ogre hits the battlesphere with a giant club!!
The battlesphere is destroyed!
The tengu conjurer gestures at you while chanting.
The zap hits your two-headed ogre. The zap misses you.
You puncture the six-headed hydra!
The six-headed hydra is moderately wounded.
The six-headed hydra barely misses you.
The six-headed hydra bites you but does no damage.
The six-headed hydra bites you!
* * * LOW HITPOINT WARNING * * *
The six-headed hydra bites you but does no damage.
The six-headed hydra barely misses you. The six-headed hydra misses you.
The acid dragon spits acid at you. The splash of acid hits you!
* * * LOW HITPOINT WARNING * * *
You are splashed with acid!
The acid burns!
* * * LOW HITPOINT WARNING * * *
The tengu conjurer points at you and mumbles some strange words.
The bolt of lightning hits you!
You die...

.# #...######.# #.#
#.........# #.#
#........#######
#.###..............
#..###.............
#...###.....Q......
#...W##.u..*O..... #
.####
#.(..C)Q..####..#
.....
#...[##.##..D.@.....#
..... #...#
#.###(D$......# .....
#..# .#. ##........#
..... #/# .. ..
##.......# ..... #.#
Q*. ... ##......#
..... #.# .... ....
##.....# ..... .#
.#### ####C #......
..... #..... #####
#...


You could see a six-headed hydra, a brown ugly thing, a cyclops, 2 tengu
conjurers, an acid dragon, a battlesphere and a friendly two-headed ogre
(berserk).

Vanquished Creatures
  A very ugly thing (D:13)
  A stone giant (Orc:1)
  An ettin (Orc:1)
  4 hydras
  A centaur warrior (D:13)
  Erica (D:9)
  4 two-headed ogres
  5 orc high priests (Orc:2)
  6 death yaks (Lair:4)
  A sun demon (Orc:2)
  A gelid demonspawn (Orc:2)
  A swamp dragon (Lair:6)
  3 infernal demonspawn (Orc:2)
  Pikel (D:7)
  3 orc knights
  2 lindwurms (Volcano)
  An ugly thing (D:11)
  5 orc sorcerers (Orc:2)
  2 manticores
  15 elephants
  A toenail golem (Volcano)
  9 black mambas
  A guardian serpent (Lair:6)
  2 molten gargoyles (Volcano)
  A rust devil (Orc:2)
  11 spiny frogs
  3 rime drakes (Lair:6)
  3 komodo dragons
  3 efreet (Volcano)
  An ice devil (Orc:2)
  A hellwing (Orc:2)
  5 trolls
  A tengu conjurer (D:13)
  A red devil (Orc:2)
  3 meliai (Lair:4)
  2 polar bears
  A queen bee (Lair:4)
  5 blink frogs (Lair:6)
  4 hornets
  9 hippogriffs
  4 dream sheep (Lair:6)
  5 redbacks
  A water elemental (D:11)
  2 shadows
  A ynoxinul (Orc:2)
  8 wyverns (Lair:6)
  2 wraiths (D:11)
  34 yaks
  2 steam dragons
  2 basilisks
  3 fire elementals (Volcano)
  The ghost of ceb the Poker, an amateur DsGl (D:4)
  2 hungry ghosts (D:12)
  5 vampire mosquitoes
  Menkaure (D:7)
  2 wargs (Orc:1)
  24 water moccasins
  3 acid dragons (Lair:6)
  6 porcupines
  6 ice beasts
  24 orc warriors
  A swamp drake (Lair:6)
  3 sky beasts
  3 phantoms
  4 black bears
  11 ogres
  23 wolves
  5 centaurs
  10 crocodiles
  5 big kobolds
  3 earth elementals (Volcano)
  An elf zombie (Ossuary)
  17 bullfrogs
  A wyvern zombie (D:10)
  2 scorpions
  26 killer bees
  9 howler monkeys
  10 electric eels
  12 crimson imps
  A quasit (D:8)
  2 bullfrog zombies
  5 centaur skeletons
  3 centaur zombies
  13 hounds
  2 jellies
  21 orc priests
  A bullfrog skeleton (D:5)
  3 human zombies
  15 orc wizards
  Ijyb (D:5)
  5 iguanas
  6 worker ants
  A hound skeleton (D:11)
  2 mummies (Ossuary)
  8 gnolls
  18 adders
  A shadow imp (D:8)
  An ooze (D:2)
  A worm zombie (D:4)
  2 adder skeletons (D:4)
  4 worms
  A dart slug (D:1)
  5 leopard geckos
  72 orcs
  3 ball pythons
  3 giant cockroaches
  4 goblins
  10 hobgoblins
  6 jackals
  7 quokkas
  11 bats
  9 frilled lizards
  A goblin zombie (Ossuary)
  9 hobgoblin zombies (Ossuary)
  A jackal skeleton (D:4)
  3 jackal zombies
  19 kobolds
  10 kobold zombies (Ossuary)
  A leopard gecko skeleton (D:7)
  7 orc zombies (Ossuary)
  A quokka skeleton (D:4)
  5 rats
  2 rat zombies (Ossuary)
  A fungus (Lair:3)
  2 plants
719 creatures vanquished.

Vanquished Creatures (collateral kills)
  A fire dragon (Lair:6)
  The ghost of Asgaroth the Archer, a novice CeHu of Okawaru (D:10)
  4 death yaks (Lair:4)
  An orc high priest (Orc:2)
  2 orc knights (Orc:2)
  5 elephants (Lair:4)
  A smoke demon (Orc:2)
  A warg (Orc:2)
  An acid dragon (Lair:6)
  5 orc warriors (Orc:2)
  A bullfrog (D:10)
  2 orc priests (Orc:2)
  2 orc wizards
  5 orcs
  A plant (Lair:6)
33 creatures vanquished.

Vanquished Creatures (others)
  2 slaves (D:7)
  An orc priest (Orc:2)
  An iguana (Lair:6)
  3 gnolls (D:7)
  7 orcs
  3 fire vortices (Volcano)
  25 fungi
  22 plants
64 creatures vanquished.

Grand Total: 816 creatures vanquished

Notes
Turn   | Place    | Note
-------+----------+-------------------------------------------
     0 | D:1      | raph the Halfling Berserker began the quest for the Orb.
     0 | D:1      | Reached XP level 1. HP: 15/15 MP: 1/1
   313 | D:1      | Reached XP level 2. HP: 20/20 MP: 2/2
   808 | D:2      | Reached XP level 3. HP: 22/26 MP: 3/3
   820 | D:2      | Reached XP level 4. HP: 3/31 MP: 4/4
  1702 | D:2      | Found a sparkling altar of Nemelex Xobeh.
  1710 | D:2      | Reached ** piety under Trog
  2153 | D:2      | Reached XP level 5. HP: 36/36 MP: 5/5
  2945 | D:3      | Found a shadowy altar of Dithmenos.
  2978 | D:3      | Found a snail-covered altar of Cheibriados.
  3304 | D:4      | Noticed ceb's ghost (amateur DsGl)
  3755 | D:4      | Reached skill level 5 in Short Blades
  3755 | D:4      | Reached XP level 6. HP: 43/43 MP: 6/6
  3821 | D:4      | Found a sand-covered staircase.
  3843 | Ossuary  | Entered an ossuary
  3875 | Ossuary  | Reached *** piety under Trog
  4038 | Ossuary  | Reached skill level 1 in Slings
  4117 | Ossuary  | Reached XP level 7. HP: 42/47 MP: 7/7
  4811 | D:4      | Found an iron altar of Okawaru.
  4973 | D:4      | Killed ceb's ghost
  5275 | D:5      | Entered Level 5 of the Dungeon
  5343 | D:5      | Reached XP level 8. HP: 39/54 MP: 8/8
  5473 | D:5      | Found a staircase to the Ecumenical Temple.
  5804 | D:5      | Reached skill level 1 in Stealth
  6158 | D:5      | Found a burning altar of Makhleb.
  6319 | D:5      | Noticed Ijyb
  6324 | D:5      | Reached **** piety under Trog
  6326 | D:5      | Killed Ijyb
  6597 | D:6      | Found Batopsun's Jewellery Shop.
  6632 | D:6      | Reached skill level 5 in Armour
  6633 | D:6      | Reached skill level 5 in Dodging
  6809 | D:6      | Reached XP level 9. HP: 52/60 MP: 9/9
  6984 | D:6      | Bought a +3 ring of dexterity for 235 gold pieces
  7011 | D:6      | Reached skill level 5 in Fighting
  7011 | D:6      | Reached skill level 5 in Slings
  7136 | D:6      | Found a stormy altar of Qazlal.
  7802 | D:7      | Noticed Menkaure
  7817 | D:7      | Killed Menkaure
  8264 | D:7      | Got a smoking scale mail
  8275 | D:7      | Identified the +3 scale mail of Snakes and Ladders {Regen+} (You found it on level 7 of the Dungeon)
  8303 | D:7      | Noticed Pikel
  8314 | D:7      | Killed Pikel
  8314 | D:7      | Reached XP level 10. HP: 66/66 MP: 10/10
  8389 | D:7      | Found Quaziyf's Armour Shoppe.
  8396 | D:7      | Bought a +0 pair of boots for 45 gold pieces
  8471 | D:7      | Found a hazy altar of Hepliaklqana.
  9079 | D:7      | Received a gift from Trog
  9110 | D:7      | Reached skill level 10 in Short Blades
  9110 | D:7      | Reached skill level 5 in Stealth
  9410 | D:8      | Noticed a two-headed ogre
  9426 | D:8      | Killed a two-headed ogre
  9431 | D:8      | Reached ***** piety under Trog
  9700 | D:8      | Received a gift from Trog
  9708 | D:8      | Reached XP level 11. HP: 33/73 MP: 11/11
 10969 | D:9      | Found a staircase to the Orcish Mines.
 11186 | D:10     | Entered Level 10 of the Dungeon
 11192 | D:10     | Noticed Erica
 11276 | D:9      | Killed Erica
 11460 | D:10     | Noticed Asgaroth's ghost (novice CeHu)
 11478 | D:10     | Killed Asgaroth's ghost
 11633 | D:10     | Got a brightly glowing ring mail
 11644 | D:10     | Identified the cursed +0 ring mail of Edghexuesh {Int+3} (You found it on level 10 of the Dungeon)
 11912 | D:7      | Bought a scarf of spirit shield for 90 gold pieces
 12208 | D:10     | Noticed a two-headed ogre
 12228 | D:10     | Killed a two-headed ogre
 12510 | D:11     | Received a gift from Trog
 12669 | D:11     | Reached XP level 12. HP: 57/81 MP: 7/12
 12727 | D:11     | Reached skill level 10 in Slings
 13001 | D:11     | Found a staircase to the Lair.
 13418 | D:11     | Found Kiasti's Food Boutique.
 13550 | D:11     | Noticed a four-headed hydra
 13568 | D:11     | Killed a four-headed hydra
 13977 | Lair:1   | Entered Level 1 of the Lair of Beasts
 14521 | Lair:1   | Received a gift from Trog
 14748 | Lair:2   | Reached XP level 13. HP: 87/89 MP: 13/13
 15126 | Lair:2   | Found a hole to the Spider Nest.
 15783 | Lair:3   | Found a staircase to the Swamp.
 15928 | Lair:3   | Reached skill level 1 in Evocations
 16369 | Lair:3   | Received a gift from Trog
 17133 | Lair:4   | Reached skill level 10 in Dodging
 17516 | Lair:4   | Received a gift from Trog
 17709 | Lair:4   | Reached skill level 10 in Armour
 17948 | Lair:4   | Reached XP level 14. HP: 87/97 MP: 16/16
 18263 | Lair:5   | Received a gift from Trog
 18408 | Lair:5   | Found a dark tunnel.
 18546 | Volcano  | Entered a volcano
 18661 | Volcano  | Reached skill level 10 in Stealth
 18771 | Volcano  | Received a gift from Trog
 19184 | Lair:5   | Found a runed door.
 19342 | Lair:5   | Found a viscous altar of Jiyva.
 19343 | Lair:5   | Noticed an acid blob
 19344 | Lair:5   | Noticed an acid blob
 19587 | Lair:5   | Noticed an acid blob
 19588 | Lair:5   | Found a staircase to the Slime Pits.
 19732 | Orc:1    | Entered Level 1 of the Orcish Mines
 19836 | Orc:1    | Noticed a stone giant
 19889 | Orc:1    | Killed a stone giant
 20100 | Orc:1    | Found Borik's Gadget Shoppe.
 20281 | Orc:2    | Entered Level 2 of the Orcish Mines
 20398 | Orc:2    | Found Cmirphur's Commerce Corner.
 20747 | Orc:2    | Found a staircase to the Elven Halls.
 20792 | Orc:2    | Received a gift from Trog
 21070 | Orc:2    | Found Fallakluru's General Store.
 21075 | Orc:2    | Found Watageoh's Food Boutique.
 21661 | Orc:2    | Reached skill level 5 in Evocations
 22323 | Orc:2    | Received a gift from Trog
 22475 | Orc:2    | Reached XP level 15. HP: 103/103 MP: 18/18
 22619 | Orc:2    | Bought a scroll of enchant weapon for 120 gold pieces
 22619 | Orc:2    | Bought a scroll of identify for 32 gold pieces
 22854 | Orc:2    | Reached skill level 10 in Fighting
 23154 | Orc:2    | Found Oddu's Antique Armour Emporium.
 23154 | Orc:2    | Found Nefett's Gadget Shoppe.
 23155 | Orc:2    | Found a one-way gate leading to the halls of Pandemonium.
 23196 | Orc:2    | Bought a glowing hat for 210 gold pieces
 23196 | Orc:2    | Bought a pair of pitted boots for 285 gold pieces
 23206 | Orc:2    | Identified the +2 pair of boots of Rotation {Regen+ Str-2 Int+8 Stlth-} (You bought it in a shop on level 2 of the Orcish Mines)
 23841 | Lair:6   | Entered Level 6 of the Lair of Beasts
 24329 | Lair:6   | Received a gift from Trog
 24330 | Lair:6   | Got a warped hunting sling {god gift}
 24356 | Lair:6   | Identified the +5 hunting sling "Poabashu" {flame, *Corrode rPois rN+++} (Trog gifted it to you on level 6 of the Lair of Beasts)
 24385 | Lair:6   | Paralysed by a hornet for 1 turns
 24554 | Lair:6   | Identified a scroll of acquirement
 26216 | D:11     | Paralysed by a hornet for 2 turns
 26386 | D:12     | Received a gift from Trog
 26598 | D:12     | Found a stormy altar of Qazlal.
 26727 | D:12     | Reached XP level 16. HP: 110/110 MP: 20/20
 26806 | D:12     | Received a gift from Trog
 27282 | D:13     | Received a gift from Trog
 27509 | D:13     | Killed from afar by a tengu conjurer

Skill      XL: |  1  2  3  4  5  6  7  8  9 10 11 12 13 14 15 |
---------------+----------------------------------------------+-----
Fighting       | 3 4 5 6 7 8 9 10 | 10.6
Short Blades   | 4 5 6 7 9 10 12 13 14 | 14.7
Dodging        | 3 4 5 7 9 10 11 12 | 12.0
Armour         | 3 4 5 6 7 8 9 10 11 | 11.8
Slings         | 2 3 4 6 8 9 11 12 13 14 | 14.5
Stealth        | 2 4 5 7 8 9 10 11 | 11.6
Evocations     | 3 5 6 |  6.7

Action                   |  1- 3 |  4- 6 |  7- 9 | 10-12 | 13-15 | 16-18 || total
-------------------------+-------+-------+-------+-------+-------+-------++-------
Melee: Short sword       |    54 |   319 |   448 |       |    26 |     7 ||   854
       Rapier            |       |       |    63 |   670 |       |       ||   733
       Quick blade       |       |       |       |   416 |  2152 |   104 ||  2672
 Fire: Hunting sling     |       |    23 |    10 |    66 |   116 |    12 ||   227
Throw: Stone             |       |       |     3 |       |       |       ||     3
Invok: Berserk           |     2 |     6 |     9 |    16 |    21 |     1 ||    55
       Trog's Hand       |       |     1 |       |     2 |     8 |     1 ||    12
       Brothers in Arms  |       |       |       |     1 |     6 |     1 ||     8
Evoke: Wand              |       |       |       |       |     7 |       ||     7
  Use: Scroll            |       |    12 |     6 |     6 |    24 |     3 ||    51
       Potion            |       |     1 |       |       |     2 |       ||     3
 Stab: Sleeping          |     1 |     3 |     2 |     6 |     6 |       ||    18
       Distracted        |     1 |       |       |     1 |     4 |       ||     6
  Eat: Chunk             |       |     9 |    19 |    39 |    51 |     4 ||   122
       Fruit             |       |     3 |     2 |       |     3 |       ||     8
       Royal jelly       |       |     1 |       |       |     2 |       ||     3
       Bread ration      |       |     1 |       |       |       |       ||     1
       Meat ration       |       |       |       |       |     1 |       ||     1
Armor: Animal skin       |     6 |       |       |       |       |       ||     6
       Leather armour    |     3 |    81 |    77 |       |       |       ||   161
       Scale mail        |       |       |     8 |   234 |    14 |       ||   256
       Ice dragon scales |       |       |       |       |   280 |    28 ||   308
Dodge: Dodged            |    59 |   242 |   296 |   640 |   960 |    79 ||  2276
